 Dungeon Crawl Stone Soup version 0.14-a0-1719-ga7e7698 (webtiles) character file.

1025 Psiweapon the Sneak (level 8, -1/54 HPs)
             Began as an Octopode Artificer on Jan 1, 2014.
             Was an Initiate of Nemelex Xobeh.
             Slain by an orange rat (20 damage)
             ... on Level 7 of the Dungeon.
             The game lasted 00:34:10 (5212 turns).

Psiweapon the Sneak (Octopode Artificer)            Turns: 5212, Time: 00:34:10

HP  -1/54        AC  1     Str 12      XL: 8   Next:  3%
MP  12/12        EV 14     Int 14      God: Nemelex Xobeh [......]
Gold 162         SH  0     Dex 13      Spells:  0 memorised,  7 levels left

rFire  + . .     SeeInvis .     C - +1,+3 dagger (venom)
rCold  . . .     Clarity  .     (no shield)
rNeg   . . .     Conserve .     (helmet restricted)
rPois  .         rCorr    .     q - amulet of inaccuracy
rElec  .         rRot     .     l - ring of protection from fire
SustAb . .       Spirit   .     (no ring)
rMut   .         Warding  .     (no ring)
Saprov . . .     Stasis   .     (no ring)
                                (no ring)
                                (no ring)
                                (no ring)
                                (no ring)

@: drained, slightly resistant to hostile enchantments, very stealthy
A: almost no armour, amphibious, 8 rings, constrict 8, antennae 1, camouflage 1,
gelatinous body 1
a: Renounce Religion


You were on level 7 of the Dungeon.
You worshipped Nemelex Xobeh.
Nemelex Xobeh was noncommittal.
You were very hungry.

You visited 1 branch of the dungeon, and saw 7 of its levels.

You collected 162 gold pieces.

Inventory:

Hand weapons
 a - a +0,+0 short sword
 x - a +0,+1 sling
 y - a +2,+1 spear of venom
 z - a +1,+0 dire flail
 C - a +1,+3 dagger of venom (weapon)
 K - a -1,+0 orcish crossbow
 M - a +0,+0 elven short sword
Missiles
 e - 10 sling bullets of flame
 n - 11 steel darts (quivered)
 A - 47 stones
Armour
 I - a +1 shield
Magical devices
 b - a wand of flame (6)
 c - a wand of enslavement (8)
 d - a wand of random effects (3)
 E - a wand of magic darts (6)
Comestibles
 f - 3 bread rations
 w - an apricot
 H - an orange
 L - a rotting chunk of rat flesh
Scrolls
 h - 2 scrolls of amnesia {unknown}
 i - a scroll of curse jewellery {unknown}
 j - 3 scrolls of remove curse
 p - a scroll of fear {unknown}
 s - 4 scrolls of identify
 t - a scroll of curse weapon {unknown}
 u - a scroll of enchant weapon I {unknown}
 v - a scroll of noise {unknown}
 F - a scroll of blinking {unknown}
 G - a scroll of magic mapping {unknown}
Jewellery
 l - a ring of protection from fire (left tentacle)
 q - an amulet of inaccuracy (around mantle)
Potions
 g - 3 potions of curing
 m - 2 potions of brilliance {unknown}
 o - a potion of confusion {unknown}
 r - a potion of restore abilities {unknown}
 B - 2 potions of flight
 J - 2 potions of speed {unknown}
Books
 D - a book of Alchemy

   Spells                             Type                      Level
   Lethal Infusion                    Charms/Necromancy            2
   Sublimation of Blood               Necromancy                   2
   Condensation Shield                Ice                          4
   Alistair's Intoxication            Transmutation/Poison         4
   Petrify                            Transmutation/Earth          4
   Ignite Poison                      Fire/Transmutation           5


   Skills:
 + Level 4.2(3.7) Fighting
 + Level 4.2(3.7) Short Blades
 + Level 4.8(4.3) Dodging
 + Level 6.5(6.0) Stealth
 - Level 3.2(2.7) Evocations


You had 7 spell levels left.
You didn't know any spells.

Dungeon Overview and Level Annotations

Branches:
Dungeon (7/16)
 Temple: D:4-7

Altars:
Elyvilon
Nemelex Xobeh

Shops:
D:4 [

Annotations:
D:6 CrazyArbalest's ghost, experienced OgBe


Innate Abilities, Weirdness & Mutations

You cannot wear most types of armour.
You are amphibious.
You can wear up to eight rings at the same time.
You can use your tentacles to constrict many enemies at once.
Your skin changes colour to match your surroundings (Stlth).
Your rubbery body absorbs attacks (AC +1).
You have a pair of small antennae on your head.


Message History

Zapping:
d - a wand of random effects (4)
Press: ? - help, Shift-Dir - straight line, f - orange rat
Aim: an orange rat The puff of flame misses the orange rat.
This wand has 3 charges left.
The grey rat bites you. The orange rat bites you!
You feel drained.
You hit the orange rat but do no damage.
The orange rat is poisoned.
Your grab misses the orange rat. The grey rat barely misses you.
The orange rat barely misses you. The grey rat barely misses you.
You hit the orange rat but do no damage.
The orange rat looks even sicker.
Your grab misses the orange rat. Your squeeze misses the orange rat.
The orange rat closely misses you. The grey rat closely misses you.
You completely miss the orange rat. You grab the orange rat.
Your squeeze misses the orange rat.
The orange rat is lightly wounded.
You constrict the orange rat. The orange rat bites you!
You die...
Your body disappears without a glow.

.. ...#### .......
........ .........
### .......#
###..%##
#..#.###@r!..%#
#....%#%#r..%.#
#####..#.#%##....%#
#........### #..%##
#.......<.# ####
#................
......###......
...... .....p
...... ......


You could see an orange rat and a grey rat.

Vanquished Creatures
  Eustachio (D:5)
  Menkaure (D:4)
  A deep dwarf (D:4)
  An ogre (D:6)
  A centaur (D:6)
  Duvessa (D:6)
  Dowan (D:6)
  An iguana (D:4)
  2 worker ants
  An orc wizard (D:3)
  3 green rats (D:7)
  2 adders (D:2)
  A worm (D:2)
  3 grey rats (D:7)
  7 giant geckos
  An ooze (D:3)
  4 orcs
  A bat zombie (D:5)
  6 giant cockroaches
  4 goblins
  8 hobgoblins
  6 jackals
  7 kobolds
  4 quokkas
  10 bats
  9 giant newts
  13 rats
  A rat skeleton (D:4)
  3 ballistomycetes (D:6)
104 creatures vanquished.

Vanquished Creatures (collateral kills)
  A scorpion (D:4)
  A worm (D:2)
  A bat (D:2)
  A jackal (D:2)
  A giant newt (D:4)
  2 goblins
7 creatures vanquished.

Vanquished Creatures (others)
  A giant spore (D:6)
1 creature vanquished.

Grand Total: 112 creatures vanquished

Notes
Turn   | Place    | Note
--------------------------------------------------------------
     0 | D:1      | Psiweapon, the Octopode Artificer, began the quest for the Orb.
     0 | D:1      | Reached XP level 1. HP: 13/13 MP: 1/1
   417 | D:1      | Reached XP level 2. HP: 18/18 MP: 3/3
   823 | D:1      | Reached XP level 3. HP: 14/23 MP: 4/4
  1785 | D:2      | Reached XP level 4. HP: 18/29 MP: 6/6
  2549 | D:5      | Entered Level 5 of the Dungeon
  2869 | D:3      | Found a white marble altar of Elyvilon.
  3093 | D:4      | Reached XP level 5. HP: 34/34 MP: 7/7
  3486 | D:4      | Found Ejohamp's Antique Armour Shop.
  3507 | D:4      | Noticed a two-headed ogre
  3510 | D:4      | Noticed a deep dwarf
  3510 | D:4      | a two-headed ogre changed into a deep dwarf
  3526 | D:4      | Killed a deep dwarf
  3526 | D:4      | Reached skill level 4 in Stealth
  3526 | D:4      | Reached XP level 6. HP: 14/41 MP: 9/9
  3941 | D:4      | Noticed Menkaure
  3941 | D:4      | Noticed a giant frog
  3945 | D:4      | Killed Menkaure
  3945 | D:4      | Reached skill level 5 in Stealth
  4156 | D:4      | Found a sparkling altar of Nemelex Xobeh.
  4159 | D:4      | Became a worshipper of Nemelex Xobeh
  4314 | D:4      | Gained mutation: You have a pair of small antennae on your head. [potion of beneficial mutation]
  4505 | D:4      | Received a gift from Nemelex Xobeh
  4675 | D:5      | Noticed Eustachio
  4696 | D:5      | Killed Eustachio
  4696 | D:5      | Reached XP level 7. HP: 40/46 MP: 10/10
  4801 | D:6      | Noticed Duvessa
  4802 | D:6      | Noticed Dowan
  4806 | D:6      | Killed Duvessa
  4806 | D:6      | Reached skill level 6 in Stealth
  4809 | D:6      | Killed Dowan
  5152 | D:6      | Noticed CrazyArbalest's ghost (experienced OgBe)
  5191 | D:7      | Reached XP level 8. HP: 14/54 MP: 12/12
  5212 | D:7      | Slain by an orange rat

Action                   |  1- 3 |  4- 6 |  7- 9 || total
-------------------------+-------+-------+-------++-------
Melee: Short sword       |    85 |    96 |       ||   181
       Dagger            |       |    22 |    67 ||    89
Throw: Dart              |     1 |     1 |       ||     2
Evoke: Wand              |     4 |    17 |     7 ||    28
       Deck              |       |     5 |       ||     5
  Use: Scroll            |     1 |     5 |       ||     6
       Potion            |       |     1 |     2 ||     3
 Stab: Sleeping          |     8 |     8 |     4 ||    20
       Distracted        |     2 |     1 |       ||     3
